 Dungeon Crawl Stone Soup version 0.28.0 (webtiles) character file.

Game seed: 12437686886363561699

96 GrayStillPlays the Shield-Bearer (level 4, -8/41 HPs)
             Began as a Gnoll Fighter on Feb 9, 2022.
             Mangled by an ogre (10 damage)
             ... on level 3 of the Dungeon.
             The game lasted 00:04:36 (2513 turns).

GrayStillPlays the Shield-Bearer (Gnoll Fighter)    Turns: 2513, Time: 00:04:37

Health: -8/41      AC:  7    Str: 15    XL:     4   Next: 67%
Magic:  5/5        EV:  9    Int:  9    God:
Gold:   152        SH:  5    Dex: 12    Spells: 5/5 levels left

rFire   . . .      SeeInvis .   a - +0 war axe {axe}
rCold   . . .      Faith    .   c - +0 buckler
rNeg    . . .      Spirit   .   b - +0 scale mail
rPois   .          Reflect  .   (no helmet)
rElec   .          Harm     .   (no cloak)
rCorr   .          Rampage  .   (no gloves)
Will    .....                   (no boots)
Stlth   ..........              (no amulet)
HPRegen 0.13/turn               (no ring)
MPRegen 0.09/turn               (no ring)

@: no status effects
A: fangs 1, strong nose, distributed training
a: no special abilities


You were on level 3 of the Dungeon.
You visited 1 branch of the dungeon, and saw 3 of its levels.

You collected 152 gold pieces.


Innate Abilities, Weirdness & Mutations

You have very sharp teeth.
Your uncanny sense of smell can sniff out nearby items.
Your experience applies equally to all skills.


   Skills:
 + Level 6.6 Fighting
 + Level 1.2 Short Blades
 + Level 1.2 Long Blades
 + Level 4.7 Axes
 + Level 1.2 Maces & Flails
 + Level 1.2 Polearms
 + Level 1.2 Staves
 + Level 1.2 Slings
 + Level 1.2 Bows
 + Level 1.2 Crossbows
 + Level 1.2 Throwing
 + Level 6.6 Armour
 + Level 1.2 Dodging
 + Level 1.2 Stealth
 + Level 6.6 Shields
 + Level 1.2 Unarmed Combat
 + Level 1.2 Spellcasting
 + Level 1.0 Conjurations
 + Level 1.0 Hexes
 + Level 1.0 Summonings
 + Level 1.0 Necromancy
 + Level 1.0 Translocations
 + Level 1.0 Transmutations
 + Level 1.0 Fire Magic
 + Level 1.0 Ice Magic
 + Level 1.0 Air Magic
 + Level 1.0 Earth Magic
 + Level 1.0 Poison Magic
 + Level 1.3 Invocations
 + Level 1.2 Evocations


You had 5 spell levels left.
You didn't know any spells.
Your spell library contained the following spells:

 Spells                   Type           Power      Damage    Failure   Level
 Magic Dart               Conj           8%         1d3       69%         1
 Call Imp                 Summ           2%         N/A       83%         2
 Call Canine Familiar     Summ           2%         N/A       96%         3
 Mephitic Cloud           Conj/Pois/Air  2%         N/A       96%         3
 Portal Projectile        Hex/Tloc       4%         N/A       96%         3
 Leda's Liquefaction      Hex/Erth       1%         N/A       100%        4
 Blade Hands              Tmut           1%         N/A       100%        5
 Excruciating Wounds      Necr           1%         N/A       100%        5

Inventory:

Hand Weapons
 a - a +0 war axe (weapon) {axe}
 k - a +1 whip of flaming {mace}
   (You found it on level 2 of the Dungeon)
Missiles
 f - 16 arrows
 i - 74 stones (quivered) {throwing}
 l - 12 bolts
Armour
 b - a +0 scale mail (worn)
 c - a +0 buckler (worn)
Wands
 o - a wand of iceblast (3)
   (You found it on level 3 of the Dungeon)
Scrolls
 e - 4 scrolls of identify {unknown}
 g - a scroll of enchant armour {unknown}
 h - 2 scrolls of teleportation {unknown}
 q - a scroll of amnesia {unknown}
Potions
 d - a potion of might
 j - 3 potions of mutation {unknown}
 m - a potion of haste {unknown}
 n - a potion of magic {unknown}
 p - 2 potions of curing {unknown}

Dungeon Overview and Level Annotations

Branches:
Dungeon (3/15)

Altars:
Dithmenos

Shops:
D:1 * D:3

( ###..........# ...
###.......## ..#
#.......####..#
#.............# #####
#.............# #....#
#.............#
#....##########†......#
#....#..O.# #.......#
#....#.##@# #.......#
#. #....#.##.#
#.......#
..#.####....#.##.#
#######.#
..#.........#.##.# #.#
..######......##.# #.#
.....<....#...##.# #.#
......#.#...#.##.# #.#
........#...#....# #.#
....##.##...########
#######.#


You could see an ogre.


Message History

You hit the worm. 😕 HP[+1]
A worm is nearby!
You hit the worm but do no damage. The worm bites you. 😕 HP[-1]
You take 1 damage, and now have 37/41 hp.
You slash the worm!
You kill the worm!
No target in view!
No target in view!
A rat comes into view. 😎 HP[+4]
Your hp is fully restored (41).
A rat is nearby!
The rat bites you but does no damage.
You hit the rat.
You kill the rat!
No target in view!
No target in view!
No target in view!
q - a scroll labelled EMOUTE UMYSM
Found a stone staircase leading up.
An ogre comes into view. It is wielding a +0 giant club.
The ogre shouts!
Okay, then.
Aiming: Iceblast
Press: ? - help, Q - select action, (/) - cycle Shift-Dir - straight line, f - ogre
Aim: an ogre, wielding a +0 giant club The mass of ice explodes!
The iceblast engulfs the ogre!
You barely miss the ogre.
The ogre hits you with a +0 giant club!!
Ouch! That really hurt!
* * * LOW HITPOINT WARNING * * *
😨 HP[-24]
You take 24 damage, and now have 17/41 hp.
MASSIVE DAMAGE!! (PAUSE) 😨 HP[+1] 😨 HP[+1] 😨 HP[+1] 😮 HP[+1] 😮 HP[+1] 😮 HP[+1] 😮 HP[+1] 😮 HP[+1]
The ogre hits you with a +0 giant club.
* * * LOW HITPOINT WARNING * * *
😨 HP[-6]
You take 6 damage, and now have 19/41 hp. 😨 HP[+1] 😮 HP[+1]
The ogre hits you with a +0 giant club!
* * * LOW HITPOINT WARNING * * *
There is a stone staircase leading up here. 😱 HP[-11]
You take 11 damage, and now have 10/41 hp.
MASSIVE DAMAGE!! (PAUSE) 😨 HP[+1] 😨 HP[+1] 😨 HP[+1] 😨 HP[+1] 😨 HP[+1]
The ogre hits you with a +0 giant club.
* * * LOW HITPOINT WARNING * * *
😨 HP[-3]
You take 3 damage, and now have 12/41 hp. 😨 HP[+1] 😨 HP[+1] 😨 HP[+1] 😨 HP[+1] 😨 HP[+1] 😨 HP[+1] 😨 HP[+1] 😨 HP[+1]
The ogre completely misses you.
Aiming: Iceblast
Press: ? - help, Q - select action, (/) - cycle Shift-Dir - straight line, p - ogre The mass of ice explodes!
The iceblast engulfs the ogre! 😮 HP[+1]
You block the ogre's attack. 😮 HP[+1] 😮 HP[+1] 😮 HP[+1]
Aiming: Iceblast
Press: ? - help, Q - select action, (/) - cycle Shift-Dir - straight line
Okay, then. 😮 HP[+1]
Aiming: Iceblast
Press: ? - help, Q - select action, (/) - cycle Shift-Dir - straight line, f - ogre
Aim: an ogre, wielding a +0 giant club (heavily wounded)
The mass of ice explodes!
The iceblast engulfs the ogre!
You hit the ogre but do no damage.
The ogre hits you with a +0 giant club!!
Ouch! That really hurt!
* * * LOW HITPOINT WARNING * * *
😱 HP[-24]
You take 24 damage, and now have 1/41 hp.
MASSIVE DAMAGE!! (PAUSE) 😱 HP[+1]
The ogre hits you with a +0 giant club!
You die...

Skill      XL: |  1  2  3  4 |
---------------+-------------+-----
Invocations    | 1 |  1.3
Short Blades   | 1 |  1.2
Long Blades    | 1 |  1.2
Maces & Flails | 1 |  1.2
Polearms       | 1 |  1.2
Staves         | 1 |  1.2
Slings         | 1 |  1.2
Bows           | 1 |  1.2
Crossbows      | 1 |  1.2
Throwing       | 1 |  1.2
Dodging        | 1 |  1.2
Stealth        | 1 |  1.2
Unarmed Combat | 1 |  1.2
Spellcasting   | 1 |  1.2
Evocations     | 1 |  1.2
Conjurations   | 1 |  1.0
Hexes          | 1 |  1.0
Summonings     | 1 |  1.0
Necromancy     | 1 |  1.0
Translocations | 1 |  1.0
Transmutations | 1 |  1.0
Fire Magic     | 1 |  1.0
Ice Magic      | 1 |  1.0
Air Magic      | 1 |  1.0
Earth Magic    | 1 |  1.0
Poison Magic   | 1 |  1.0
Fighting       | |  6.6
Axes           | |  4.7
Armour         | |  6.6
Shields        | |  6.6

Action                   |  1- 3 |  4- 6 || total
-------------------------+-------+-------++-------
Melee: War axe           |    79 |    54 ||   133
       Bite              |     4 |     2 ||     6
Evoke: Wand              |       |     3 ||     3
Armor: Scale mail        |    31 |    34 ||    65
Dodge: Dodged            |    35 |    25 ||    60
Block: Buckler           |    20 |    13 ||    33

Levels and vault maps discovered:
D:1:      psy_arrival_conway, layout_rooms, serial_glass, glass_columns_c,
          glass_columns_a, glass_columns_c, glass_columns_a, serial_shops, shop,
          dreamdust_ecumenical_altar_sealed_demon
D:2:      layout_rooms, minmay_door_square, kennysheep_decorative_pillar
D:3:      minmay_inner_zag, layout_basic, amcnicky_altar_gilded, serial_shops,
          shop_statue

Notes
Turn   | Place    | Note
-------+----------+-------------------------------------------
     0 | D:1      | GrayStillPlays the Gnoll Fighter began the quest for the
                  | Orb.
     0 | D:1      | Reached XP level 1. HP: 23/23 MP: 1/1
     0 | D:1      | magus.rc [v1.9.6]
    44 | D:1      | You pick up a book of the Hunter and begin reading...
    44 | D:1      | You add the spells Call Canine Familiar, Portal Projectile
                  | and Leda's Liquefaction to your library.
    77 | D:1      | Found Hagov's General Store.
   103 | D:1      | Reached XP level 2. HP: 14/29 MP: 2/2
   763 | D:1      | Found a faded altar of an unknown god.
   763 | D:1      | Noticed a soul eater
   877 | D:2      | You pick up a book of Minor Magic and begin reading...
   877 | D:2      | You add the spells Magic Dart, Call Imp and Mephitic Cloud
                  | to your library.
   901 | D:2      | Reached XP level 3. HP: 27/35 MP: 3/3
   998 | D:2      | Reached skill level 1 in Invocations
  1236 | D:2      | Reached skill level 1 in Short Blades
  1236 | D:2      | Reached skill level 1 in Long Blades
  1236 | D:2      | Reached skill level 1 in Maces & Flails
  1236 | D:2      | Reached skill level 1 in Polearms
  1236 | D:2      | Reached skill level 1 in Staves
  1236 | D:2      | Reached skill level 1 in Slings
  1236 | D:2      | Reached skill level 1 in Bows
  1236 | D:2      | Reached skill level 1 in Crossbows
  1236 | D:2      | Reached skill level 1 in Throwing
  1236 | D:2      | Reached skill level 1 in Dodging
  1236 | D:2      | Reached skill level 1 in Stealth
  1236 | D:2      | Reached skill level 1 in Unarmed Combat
  1236 | D:2      | Reached skill level 1 in Spellcasting
  1236 | D:2      | Reached skill level 1 in Evocations
  1249 | D:2      | You pick up a book of Weapons and begin reading...
  1249 | D:2      | You add the spells Excruciating Wounds and Blade Hands to
                  | your library.
  1588 | D:2      | Reached XP level 4. HP: 39/41 MP: 5/5
  1959 | D:3      | Reached skill level 1 in Conjurations
  1959 | D:3      | Reached skill level 1 in Hexes
  1959 | D:3      | Reached skill level 1 in Summonings
  1959 | D:3      | Reached skill level 1 in Necromancy
  1959 | D:3      | Reached skill level 1 in Translocations
  1959 | D:3      | Reached skill level 1 in Transmutations
  1959 | D:3      | Reached skill level 1 in Fire Magic
  1959 | D:3      | Reached skill level 1 in Ice Magic
  1959 | D:3      | Reached skill level 1 in Air Magic
  1959 | D:3      | Reached skill level 1 in Earth Magic
  1959 | D:3      | Reached skill level 1 in Poison Magic
  1999 | D:3      | Found Sudiomp's Weapon Emporium.
  2092 | D:3      | Found a shadowy altar of Dithmenos.
  2288 | D:3      | Noticed an ogre
  2369 | D:3      | HP: 10/41 [ogre (11)]
  2508 | D:3      | HP: 1/41 [ogre (24)]
  2513 | D:3      | Mangled by an ogre

Vanquished Creatures
  4 adders
  A worm (D:3)
  2 dart slugs
  2 orcs (D:3)
  4 ball pythons
  6 bats
  4 endoplasms
  8 hobgoblins
  4 quokkas
  3 frilled lizards
  3 goblins
  6 kobolds
  3 rats
50 creatures vanquished.

Vanquished Creatures (others)
  A goblin (D:3)
1 creature vanquished.

Grand Total: 51 creatures vanquished

Table legend:
 A = Non-vault XP
 B = Vault XP
 C = Vault XP percentage of total XP
 D = Non-vault monster count
 E = Vault monster count
 F = Vault count percentage of total count
                 A         B        C        D         E       F
            +---------+---------+-------+---------+---------+-------
      Total |     130 |       8 |   5.8 |      46 |       4 |   8.0
            +---------+---------+-------+---------+---------+-------
        D:1 |      28 |       0 |   0.0 |      15 |       0 |   0.0
        D:2 |      54 |       0 |   0.0 |      17 |       0 |   0.0
        D:3 |      48 |       8 |  14.3 |      14 |       4 |  22.2
            +---------+---------+-------+---------+---------+-------

Illustrated notes

Table legend:
 A = Kills in this place as a percentage of kills in entire the game.
 B = Kills by you in this place as a percentage of kills by you in the entire game.
 C = Kills by friends in this place as a percentage of kills by friends in the entire game.
 D = Other kills in this place as a percentage of other kills in the entire game.
 E = Experience gained in this place as a percentage of experience gained in the entire game.
 F = Experience gained in this place divided by the number of levels of this place that you have seen.
                   A       B       C       D       E      F
               +-------+-------+-------+-------+-------+----------------------
         Total | 100.0 | 100.0 |   N/A |   N/A | 100.0 |  46.0
       Dungeon | 100.0 | 100.0 |   N/A |   N/A | 100.0 |  46.0
               +-------+-------+-------+-------+-------+----------------------

Table legend: (Time is in decaauts)
 A = Elapsed time spent in this place.
 B = Non-inter-level travel time spent in this place.
 C = Inter-level travel time spent in this place.
 D = Time resting spent in this place.
 E = Time spent auto-exploring this place.
 F = Levels seen in this place.
 G = Mean time per level.
                   A        B        C        D        E       F      G
               +--------+--------+--------+--------+--------+-----+--------+
         Total |   2558 |   2450 |    108 |      0 |   1793 |   3 |  852.7 |
       Dungeon |   2558 |   2450 |    108 |      0 |   1793 |   3 |  852.7 |
               +--------+--------+--------+--------+--------+-----+--------+

Top non-repeatable levels by time:
     D:3: 929 daAuts
     D:1: 817 daAuts
     D:2: 811 daAuts
